AoeStats
← ViChoc

Arabia

510251860Analyzed
4v4 RM · 2d ago on Sep 30, 2026· 14m 16s· 8 players
Game mode
Random Map
Map size
Large (8 player)
Population
200
Speed
Normal
Resources
Standard
Victory
Conquest
Starting age
Dark Age
Ending age
Imperial Age
RankedLock teamsTeams togetherTeam positionsShared explorationLock speedFull tech treeHidden civsTurbo modeCheats
Victory
Defeat
🇦🇷 Ethiopians · Argentina
1274
+12
🇦🇷 Persians · Argentina
1245
+13
🇨🇳 Khmer · China
1062
+20
🇦🇷 Spanish · Argentina
933
+24
🇬🇹 Byzantines · Guatemala
1182
-18
🇨🇦 Saxons · Canada
1175
-18
🇲🇽 Varangians · Mexico
1147
-17
1134
-16
ViChoc
marck404
1:27 Loom
11:13 Feudal Age
16:14 Castle Age
سلام عليكم Salam Alaiku
GR4Y_BE4RD
Ipower
5:23 Loom
11:43 Feudal Age
15:48 Castle Age
13:41 Double-Bit Axe
14:17 Fletching
Pepe :)
7:24 Loom
9:39 Feudal Age
Comecaramelos
6:51 Loom
10:07 Feudal Age
11:31 Horse Collar
11:39 Double-Bit Axe
12:16 Town Watch
八十万禁军教头
6:16 Loom
11:45 Feudal Age
12:31 Man-at-Arms
Connection lost

Rejoining the realm…

Still unreachable

The connection could not be restored.

Session expired

The server has moved on; the page needs a fresh start.